 Dungeon Crawl Stone Soup version 0.30-a0-322-g102857c (webtiles) character file.

Game seed: 14043776316905154818

198 Sixotanaka the Shield-Bearer (level 5, -2/47 HPs)
             Began as a Gnoll Fighter on Oct 27, 2022.
             Slain by a kobold
             ... wielding a +0 whip
              (3 damage)
             ... on level 3 of the Dungeon.
             The game lasted 00:06:11 (1845 turns).

Sixotanaka the Shield-Bearer (Gnoll Fighter)        Turns: 1845, Time: 00:06:11

Health: -2/47      AC:  7    Str: 17    XL:     5   Next: 76%
Magic:  7/7        EV:  9    Int:  8    God:
Gold:   165        SH:  0    Dex: 11    Spells: 5/7 levels left

rFire   . . .      SeeInvis .    a - +0 rapier
rCold   . . .      Faith    .    c - +0 buckler
rNeg    . . .      Spirit   .    r - +0 scale mail
rPois   +          Reflect  .    (no helmet)
rElec   .          Harm     .    (no cloak)
rCorr   .          Rampage  .    (no gloves)
Will    .....                    (no boots)
Stlth   ..........               (no amulet)
HPRegen 0.27/turn                g - ring of poison resistance
MPRegen 0.10/turn                l - +4 ring of slaying

@: confused, mighty
A: fangs 1, strong nose, distributed training
a: no special abilities


You were on level 3 of the Dungeon.
You visited 1 branch of the dungeon, and saw 3 of its levels.

You collected 165 gold pieces.

Inventory:

Hand Weapons
 a - a +0 rapier (weapon)
 b - a +1 long sword of holy wrath
Armour
 c - a +0 buckler (worn)
 r - a +0 scale mail (worn)
Jewellery
 g - a ring of poison resistance (left hand)
 l - a +4 ring of slaying (right hand)
Scrolls
 f - a scroll of teleportation {unknown}
 h - a scroll of magic mapping {unknown}
 i - a scroll of fear {unknown}
 j - a scroll of identify {unknown}
 n - a scroll of amnesia {unknown}
 o - a scroll of poison
 s - a scroll of noise {unknown}
Potions
 e - a potion of curing {unknown}
 k - a potion of lignification {unknown}
 m - a potion of attraction {unknown}
 p - a potion of flight {unknown}
 q - a potion of magic


   Skills:
 + Level 6.7 Fighting
 + Level 4.9 Short Blades
 + Level 1.7 Long Blades
 + Level 1.7 Axes
 + Level 1.7 Maces & Flails
 + Level 1.7 Polearms
 + Level 1.7 Staves
 + Level 1.7 Ranged Weapons
 + Level 1.7 Throwing
 + Level 6.7 Armour
 + Level 1.7 Dodging
 + Level 1.7 Stealth
 + Level 6.7 Shields
 + Level 1.7 Unarmed Combat
 + Level 1.7 Spellcasting
 + Level 1.3 Conjurations
 + Level 1.3 Hexes
 + Level 1.3 Summonings
 + Level 1.3 Necromancy
 + Level 1.3 Translocations
 + Level 1.3 Transmutations
 + Level 1.3 Fire Magic
 + Level 1.3 Ice Magic
 + Level 1.3 Air Magic
 + Level 1.3 Earth Magic
 + Level 1.3 Poison Magic
 + Level 1.9 Invocations
 + Level 1.7 Evocations


You had 5 spell levels left.
You knew the following spells:

 Your Spells              Type           Power      Damage    Failure   Level
a - Blink                 Tloc           4%         N/A       77%         2

Your spell library contained the following spells:

 Spells                   Type           Power      Damage    Failure   Level
 Momentum Strike          Conj/Tloc      4%         3d8       77%         2
 Lesser Beckoning         Tloc           4%         N/A       94%         3


Dungeon Overview and Level Annotations

Branches:
Dungeon (3/15)

Altars:
Qazlal

Shops:
D:1 (

Annotations:
D:3 1 runed translucent door, Crazy Yiuf


Innate Abilities, Weirdness & Mutations

You have very sharp teeth.
Your uncanny sense of smell can sniff out nearby items.
Your experience applies equally to all skills.


Message History

You hit something. You closely miss something.
Something hits you but does no damage. You block the kobold's attack.
You miss something. Something hits you but does no damage.
The kobold hits you with a +0 whip.
You hit something but do no damage. Something hits you.
The kobold hits you with a +0 whip.
You closely miss something.
You hear some strange, mumbled words.
You are confused.
The kobold misses you.
You bump into the rock wall.
Something hits you but does no damage. The kobold closely misses you.
It was a potion of magic.
Magic courses through your body.
An orc wizard appears from thin air!
Reactivating autopickup.
The orc wizard hits you but does no damage.
The kobold barely misses you.
You feel very mighty all of a sudden.
The orc wizard hits you but does no damage.
The kobold hits you with a +0 whip.
You hit the orc wizard.
The orc wizard is almost dead.
The orc wizard hits you with a +0 dagger.
* * * LOW HITPOINT WARNING * * *
The kobold barely misses you.
You bump into the translucent stone wall.
The orc wizard casts a spell at you. The puff of flame hits you!
* * * LOW HITPOINT WARNING * * *
The kobold hits you with a +0 whip.
* * * LOW HITPOINT WARNING * * *
You bump into the rock wall.
The orc wizard barely misses you. The kobold hits you but does no damage.
You bump into the rock wall.
You feel less confused.
The orc wizard points at you and mumbles some strange words.
You are confused.
The kobold hits you with a +0 whip.
You die...

#.#.# #.## #.#.# #..# #####
#...# #..# ## #...# #...#
##..## .#####...# #._.###....#
.........#######...#...#..# ..
..#
#.......)..l.†..#.#..###.K..
..#
#....######o#..##.#.....l...
..######..## #@#.....#.####....
....## #...#####K#.##....# ..
.##..###....##..g#.##.#..#
......##.......#...##.....g.
.##.#.##.....##..............>
.##.#..##........P.#..######..#
............####.P.#.## ..
.#............##.P...# .
.#............##.P...


You could see an orc wizard, a goblin, a kobold and a frilled lizard.

Vanquished Creatures
  4 orc wizards
  4 adders
  3 worms (D:2)
  2 dart slugs
  An orc (D:3)
  6 bats
  4 endoplasms
  2 giant cockroaches (D:2)
  7 goblins
  5 hobgoblins
  A quokka (D:1)
  7 ball pythons
  3 frilled lizards
  8 kobolds
  7 rats
64 creatures vanquished.

Notes
Turn   | Place    | Note
-------+----------+-------------------------------------------
     0 | D:1      | Sixotanaka the Gnoll Fighter began the quest for the Orb.
     0 | D:1      | Reached XP level 1. HP: 23/23 MP: 1/1
   207 | D:1      | Reached XP level 2. HP: 28/29 MP: 2/2
   491 | D:1      | Reached XP level 3. HP: 34/35 MP: 3/3
   567 | D:1      | Found Yssootot's Weapon Shop.
   619 | D:1      | You fall into a shaft and drop 1 floor!
   895 | D:1      | Learned a level 2 spell: Blink
   953 | D:2      | Reached skill level 1 in Invocations
  1029 | D:2      | Reached skill level 1 in Long Blades
  1029 | D:2      | Reached skill level 1 in Axes
  1029 | D:2      | Reached skill level 1 in Maces & Flails
  1029 | D:2      | Reached skill level 1 in Polearms
  1029 | D:2      | Reached skill level 1 in Staves
  1029 | D:2      | Reached skill level 1 in Ranged Weapons
  1029 | D:2      | Reached skill level 1 in Throwing
  1029 | D:2      | Reached skill level 1 in Dodging
  1029 | D:2      | Reached skill level 1 in Stealth
  1029 | D:2      | Reached skill level 1 in Unarmed Combat
  1029 | D:2      | Reached skill level 1 in Spellcasting
  1029 | D:2      | Reached skill level 1 in Evocations
  1029 | D:2      | Reached XP level 4. HP: 37/41 MP: 5/5
  1041 | D:2      | Reached skill level 1 in Conjurations
  1041 | D:2      | Reached skill level 1 in Hexes
  1041 | D:2      | Reached skill level 1 in Summonings
  1041 | D:2      | Reached skill level 1 in Necromancy
  1041 | D:2      | Reached skill level 1 in Translocations
  1041 | D:2      | Reached skill level 1 in Transmutations
  1041 | D:2      | Reached skill level 1 in Fire Magic
  1041 | D:2      | Reached skill level 1 in Ice Magic
  1041 | D:2      | Reached skill level 1 in Air Magic
  1041 | D:2      | Reached skill level 1 in Earth Magic
  1041 | D:2      | Reached skill level 1 in Poison Magic
  1134 | D:2      | Reached XP level 5. HP: 44/47 MP: 7/7
  1726 | D:3      | Found a runed translucent door.
  1727 | D:3      | Noticed Crazy Yiuf
  1773 | D:3      | Found a stormy altar of Qazlal.
  1843 | D:3      | HP: 1/47 [kobold/+0 whip (2)]
  1845 | D:3      | Slain by a kobold

Illustrated notes

Levels and vault maps discovered:
D:1:      dpeg_arrival_subterranean_lakeside_camping, layout_basic,
          serial_shops, nicolae_shop_statue_plus, serial_curves, eino_curves_01,
          eino_curves_04, eino_curves_01
D:2:      layout_loops_ring
D:3:      layout_rooms, mainiacjoe_overflow_boulevard,
          kennysheep_generic_room_8, uniq_crazy_yiuf_cottage

Skill      XL: |  1  2  3  4 |
---------------+-------------+-----
Invocations    | 1 |  1.9
Long Blades    | 1 |  1.7
Axes           | 1 |  1.7
Maces & Flails | 1 |  1.7
Polearms       | 1 |  1.7
Staves         | 1 |  1.7
Ranged Weapons | 1 |  1.7
Throwing       | 1 |  1.7
Dodging        | 1 |  1.7
Stealth        | 1 |  1.7
Unarmed Combat | 1 |  1.7
Spellcasting   | 1 |  1.7
Evocations     | 1 |  1.7
Conjurations   | 1 |  1.3
Hexes          | 1 |  1.3
Summonings     | 1 |  1.3
Necromancy     | 1 |  1.3
Translocations | 1 |  1.3
Transmutations | 1 |  1.3
Fire Magic     | 1 |  1.3
Ice Magic      | 1 |  1.3
Air Magic      | 1 |  1.3
Earth Magic    | 1 |  1.3
Poison Magic   | 1 |  1.3
Fighting       | |  6.7
Short Blades   | |  4.9
Armour         | |  6.7
Shields        | |  6.7

Action                   |  1- 3 |  4- 6 || total
-------------------------+-------+-------++-------
Melee: Rapier            |   100 |   113 ||   213
       Bite              |     8 |    10 ||    18
  Use: Potion            |       |     2 ||     2
       Scroll            |       |     1 ||     1
Armor: Scale mail        |    44 |    63 ||   107
Dodge: Dodged            |    43 |    37 ||    80
Block: Buckler           |    27 |    16 ||    43

Table legend: (Time is in decaauts)
 A = Elapsed time spent in this place.
 B = Non-inter-level travel time spent in this place.
 C = Inter-level travel time spent in this place.
 D = Time resting spent in this place.
 E = Time spent auto-exploring this place.
 F = Levels seen in this place.
 G = Mean time per level.
                   A        B        C        D        E       F      G
               +--------+--------+--------+--------+--------+-----+--------+
         Total |   1848 |   1793 |     55 |     67 |   1182 |   3 |  616.0 |
       Dungeon |   1848 |   1793 |     55 |     67 |   1182 |   3 |  616.0 |
               +--------+--------+--------+--------+--------+-----+--------+

Top non-repeatable levels by time:
     D:1: 856 daAuts
     D:2: 707 daAuts
     D:3: 283 daAuts
